 Dungeon Crawl Stone Soup version 0.28.0-53-g5a82cb258f (webtiles) character file.

Game seed: 10921742824850316595

124 safid the Chopper (level 5, -2/46 HPs)
             Began as a Hill Orc Fighter on Aug 18, 2022.
             Slain by a gnoll
             ... wielding a +0 halberd
              (10 damage)
             ... on level 3 of the Dungeon.
             The game lasted 00:02:24 (1637 turns).

safid the Chopper (Hill Orc Fighter)                Turns: 1637, Time: 00:02:25

Health: -2/46      AC:  7    Str: 21    XL:     5   Next: 8%
Magic:  5/5        EV:  9    Int:  8    God:
Gold:   53         SH:  4    Dex: 10    Spells: 4/4 levels left

rFire   . . .      SeeInvis .   a - +0 war axe
rCold   . . .      Faith    .   c - +0 buckler
rNeg    . . .      Spirit   .   b - +0 scale mail
rPois   .          Reflect  .   (no helmet)
rElec   .          Harm     .   (no cloak)
rCorr   .          Rampage  .   (no gloves)
Will    .....                   (no boots)
Stlth   ..........              h - amulet of regeneration
HPRegen 0.95/turn               (no ring)
MPRegen 0.09/turn               (no ring)

@: no status effects
A: no striking features
a: no special abilities


You were on level 3 of the Dungeon.
You visited 1 branch of the dungeon, and saw 3 of its levels.

You collected 53 gold pieces.

Inventory:

Hand Weapons
 a - a +0 war axe (weapon)
Armour
 b - a +0 scale mail (worn)
 c - a +0 buckler (worn)
Jewellery
 h - an amulet of regeneration (around neck)
Wands
 p - a wand of flame (15)
Scrolls
 g - a scroll of identify {unknown}
 i - 2 scrolls of fog {unknown}
 j - 2 scrolls of teleportation {unknown}
 k - a scroll of fear {unknown}
 o - a scroll of noise {unknown}
 r - a scroll of enchant armour {unknown}
Potions
 d - 2 potions of might
 e - a potion of invisibility {unknown}
 f - a potion of attraction {unknown}
 l - a potion of heal wounds {unknown}
 m - a potion of curing {unknown}
 n - 2 potions of brilliance {unknown}
 q - a potion of cancellation {unknown}


   Skills:
 - Level 4.0 Fighting
 + Level 5.3 Axes
 - Level 4.0 Armour
 - Level 4.0 Shields


You had 4 spell levels left.
You didn't know any spells.
Your spell library contained the following spells:

 Spells                   Type           Power      Damage    Failure   Level
 Call Canine Familiar     Summ           0%         N/A       99%         3
 Portal Projectile        Hex/Tloc       0%         N/A       99%         3
 Leda's Liquefaction      Hex/Erth       0%         N/A       100%        4


Dungeon Overview and Level Annotations

Branches:
Dungeon (3/15)

Altars:


Message History

You are too injured to fight recklessly!
You are too injured to fight recklessly!
You are too injured to fight recklessly!
You are too injured to fight recklessly!
You are too injured to fight recklessly!
You are too injured to fight recklessly!
You are too injured to fight recklessly!
You are too injured to fight recklessly!
You are too injured to fight recklessly!
You are too injured to fight recklessly!
You are too injured to fight recklessly!
You are too injured to fight recklessly!
You are too injured to fight recklessly!
You are too injured to fight recklessly!
You are too injured to fight recklessly!
You are too injured to fight recklessly!
You are too injured to fight recklessly!
Unknown command.
You slash the gnoll!
You kill the gnoll!
You barely miss the gnoll. The gnoll hits you with a +0 halberd!
* * * LOW HITPOINT WARNING * * *
The gnoll hits you but does no damage.
You have reached level 5!
You feel stronger.
You hit the gnoll but do no damage.
The gnoll is almost dead.
You hit the gnoll. The gnoll hits you with a +0 halberd.
* * * LOW HITPOINT WARNING * * *
The gnoll barely misses you.
Unknown command.
You closely miss the gnoll.
The gnoll is lightly wounded.
You closely miss the gnoll. The gnoll barely misses you.
The gnoll hits you with a +0 club.
* * * LOW HITPOINT WARNING * * *
The gnoll barely misses you.
Unknown command.
The gnoll hits you from afar with a +0 halberd!
You die...

#####..# #. ...#_.# #.##
#.###.#..# ...
#.#...g..# ...
#.#.#.g..# #.#
#......### #.####
#...##g###########.....
#>......g.##.#.....###
#.).##.##.##@#.......#
##..##.##.##g#.###.#.#
####..##....g)g..###.#.#
#.....##########.##..#.#
#.###.###### #.##.##.#
#.# #......#####.##.##.#
#.# ###.......##.......#
#.# #.......#####.####
#.### #.......# #...#


You could see 2 gnolls.

Vanquished Creatures
  Jessica (D:2)
  2 gnolls
  3 adders (D:2)
  3 worms (D:2)
  An orc (D:2)
  5 endoplasms
  A giant cockroach (D:2)
  5 goblins
  2 hobgoblins (D:1)
  2 jackals (D:2)
  4 kobolds
  2 quokkas
  6 ball pythons
  3 bats
  3 frilled lizards (D:2)
  2 rats
45 creatures vanquished.

Notes
Turn   | Place    | Note
-------+----------+-------------------------------------------
     0 | D:1      | safid the Hill Orc Fighter began the quest for the Orb.
     0 | D:1      | Reached XP level 1. HP: 19/19 MP: 1/1
   347 | D:1      | Reached skill level 3 in Axes
   347 | D:1      | Reached XP level 2. HP: 27/27 MP: 2/2
  1027 | D:2      | Reached XP level 3. HP: 33/33 MP: 3/3
  1110 | D:2      | Reached XP level 4. HP: 40/40 MP: 4/4
  1214 | D:2      | Reached skill level 4 in Axes
  1345 | D:2      | Noticed Jessica
  1354 | D:2      | Killed Jessica
  1578 | D:3      | Found a faded altar of an unknown god.
  1611 | D:2      | Reached skill level 5 in Axes
  1635 | D:3      | Reached XP level 5. HP: 12/46 MP: 5/5
  1637 | D:3      | Slain by a gnoll

Illustrated notes

Levels and vault maps discovered:
D:1:      heliophobic_arrival_glass_houses, layout_loops_ring
D:2:      layout_rooms, lemuel_old_faithful, uniq_jessica
D:3:      layout_loops_cross, grunt_temple_overflow_cloverleaf,
          basic_ecumenical_altar, kennysheep_generic_room_13, uniq_robin,
          uniq_natasha, uniq_terence

Skill      XL: |  1  2  3  4 |
---------------+-------------+-----
Axes           | 3 5 |  5.3
Fighting       | 4 |  4.0
Armour         | 4 |  4.0
Shields        | 4 |  4.0

Action                   |  1- 3 |  4- 6 || total
-------------------------+-------+-------++-------
Melee: War axe           |    93 |    33 ||   126
Armor: Scale mail        |    44 |    13 ||    57
Dodge: Dodged            |    45 |    20 ||    65
Block: Buckler           |    25 |     7 ||    32
